 Dungeon Crawl Stone Soup version 0.19.5 (webtiles) character file.

792 Jannitor the Slasher (level 7, -1/50 HPs)
             Began as a High Elf Chaos Knight on Mar 14, 2019.
             Slain by an orc priest
             ... wielding a +0 dagger
              (5 damage)
             ... on level 6 of the Dungeon.
             The game lasted 00:12:23 (6444 turns).

Jannitor the Slasher (High Elf Chaos Knight)        Turns: 6444, Time: 00:12:23

Health: -1/50      AC:  7    Str: 13    XL:     7   Next: 57%
Magic:  8/8        EV: 14    Int: 18    God:    Xom [..*...]
Gold:   63         SH:  4    Dex: 15    Spells: 0 memorised, 6 levels left

rFire  + . .     SeeInvis .     p - +0 dagger (curse)
rCold  . . .     Gourm    .     b - +3 leather armour
rNeg   . . .     Faith    .     (no shield)
rPois  .         Spirit   .     (no helmet)
rElec  .         Reflect  .     (no cloak)
rCorr  .         Harm     .     (no gloves)
MR     +....     Clarity  +     n - +0 pair of boots
Stlth  +......... Rnd*Tele +    (no amulet)
                                m - ring of protection from magic
                                k - ring of teleportation (curse)

@: very slightly contaminated, hasted, very quick
A: hooves 1, large bone plates 1, clarity, clever 1, fire resistance 1
a: Renounce Religion


You were on level 6 of the Dungeon.
You worshipped Xom.
You were a toy of Xom.
You were hungry.

You visited 1 branch of the dungeon, and saw 7 of its levels.

You collected 269 gold pieces.
You spent 206 gold pieces at shops.

Inventory:

Hand Weapons
 a - a +0 falchion of chaos
 f - a +1 dagger of freezing
 p - a cursed +0 dagger (weapon)
Armour
 b - a +3 leather armour (worn)
 n - a +0 pair of boots (worn)
 u - a +0 pair of gloves
Jewellery
 k - a cursed ring of teleportation (left hand)
 m - a ring of protection from magic (right hand)
 r - an uncursed ring of see invisible {unknown}
Scrolls
 e - 4 scrolls of identify
 q - a scroll of recharging
 s - a scroll of magic mapping
Potions
 d - a potion of degeneration
 h - a potion of flight
Comestibles
 c - 4 bread rations
 g - 2 meat rations
 o - a slice of pizza
 t - 2 beef jerkies
 v - a chunk of flesh


   Skills:
 + Level 5.3 Fighting
 + Level 6.1 Long Blades
 + Level 3.7 Armour
 + Level 5.0 Dodging


You had 6 spell levels left.
You didn't know any spells.

Dungeon Overview and Level Annotations

Branches:
Dungeon (7/15)
 Temple: D:4-7

Altars:
Cheibriados
Uskayaw
Xom

Shops:
D:5 *   D:7 :(?

Annotations:
D:4 grok76's ghost, amateur DEWz
D:6 1 exclusion, Blork the orc


Innate Abilities, Weirdness & Mutations

You have large cloven feet.
You are partially covered in large bone plates. (SH +4)
You possess an exceptional clarity of mind.
Your mind is acute. (Int +2)
Your flesh is heat resistant. (rF+)


Message History

The orc priest invokes the aid of Beogh against you.
Beogh smites you!
* * * LOW HITPOINT WARNING * * *
You are very lightly contaminated with residual magic.
You barely miss the orc priest. You block the orc priest's attack.
You completely miss the orc priest. You barely miss the orc priest.
The orc priest looks braver for a moment.
You hit the orc priest.
The orc priest is lightly wounded.
You hit the orc priest but do no damage.
The orc priest is lightly wounded.
The orc priest hits you but does no damage.
You hit the orc priest.
The orc priest is moderately wounded.
You hit the orc priest.
The orc priest is moderately wounded.
The orc priest hits you with a dagger.
You die...
Xom chortles!

##.# .#.#........... #.#.#
.#.#.#+#####.#. #.#.#
(#.#.#.....[.## #####'#.#
.#.#.####...... ........#
#....g........ ........#
###.#..#.#..## ........#
#......#..#
........###########...#..#
.......>Wo@.........####.#
........#########........#
........###### #.#.######
########.....####+#....#
#.....#......##.#
#.....#......##.# #
#.....#......##.# # .
#.....##'######.####
#.#.....##(# #.##..


You could see a phantom and an orc priest.

Vanquished Creatures
  A centaur (D:6)
  A bullfrog (D:7)
  A wyvern skeleton (D:6)
  A howler monkey (D:6)
  2 hounds (D:5)
  A bullfrog skeleton (D:5)
  An orc wizard (D:6)
  Ijyb (D:3)
  A worker ant (D:4)
  A worker ant zombie (D:5)
  3 gnolls
  A howler monkey skeleton (D:6)
  6 adders
  2 shadow imps
  An ooze (D:3)
  4 worms
  2 dart slugs
  2 leopard geckos
  5 orcs
  6 giant cockroaches
  2 goblins (D:1)
  9 hobgoblins
  3 kobolds
  2 quokkas (D:3)
  A ball python (D:3)
  6 bats
  7 frilled lizards
  A leopard gecko skeleton (D:4)
  12 rats
86 creatures vanquished.

Vanquished Creatures (collateral kills)
  2 centaurs (D:5)
  A crimson imp (D:5)
  A bullfrog skeleton (D:4)
  6 gnolls
  An adder (D:3)
  An adder skeleton (D:5)
  An orc (D:3)
  A giant cockroach (D:7)
  A kobold (D:3)
15 creatures vanquished.

Vanquished Creatures (others)
  A gnoll (D:6)
  2 fungi (D:6)
3 creatures vanquished.

Grand Total: 104 creatures vanquished

Notes
Turn   | Place    | Note
-------+----------+-------------------------------------------
     0 | D:1      | Jannitor the High Elf Chaos Knight began the quest for the Orb.
     0 | D:1      | Reached XP level 1. HP: 16/16 MP: 2/2
   134 | D:1      | Reached skill level 1 in Armour
   253 | D:1      | Reached XP level 2. HP: 21/21 MP: 3/3
   407 | D:1      | XOM: divination: detect items
   408 | D:1      | XOM: divination: magic mapping
   559 | D:1      | XOM: harmless Divn miscast
   683 | D:1      | Reached XP level 3. HP: 26/26 MP: 4/4
   962 | D:1      | XOM: harmless Tloc miscast
   981 | D:2      | XOM: butterfly on damage
  1016 | D:2      | Found a hide-covered altar of Uskayaw.
  1022 | D:2      | Reached skill level 4 in Long Blades
  1035 | D:2      | XOM: harmless Tmut miscast
  1078 | D:2      | XOM: butterfly on damage
  1097 | D:3      | Noticed Ijyb
  1098 | D:3      | XOM: harmless Conj miscast
  1161 | D:1      | XOM: harmless Fire miscast
  1819 | D:2      | XOM: mild Tloc miscast
  1820 | D:2      | Noticed a spatial vortex
  2025 | D:3      | Reached XP level 4. HP: 31/31 MP: 5/5
  2057 | D:3      | XOM: swap monsters
  2058 | D:3      | XOM: god gift: 21 stones
  2076 | D:3      | XOM: cleaving
  2146 | D:3      | Killed Ijyb
  2274 | D:3      | XOM: give mutation
  2274 | D:3      | Gained mutation: You have large cloven feet. [Xom's grace]
  2637 | D:3      | XOM: summons friendly shadow imp
  2642 | D:3      | XOM: summons friendly chaos spawn
  2705 | D:3      | Reached XP level 5. HP: 14/37 MP: 6/6
  2977 | D:4      | XOM: noise
  3363 | D:4      | XOM: scenery: create altars
  3465 | D:4      | Noticed grok76's ghost (amateur DEWz)
  3470 | D:4      | XOM: summons friendly quasit
  3736 | D:4      | Reached skill level 5 in Long Blades
  3817 | D:5      | Entered Level 5 of the Dungeon
  3831 | D:5      | Reached XP level 6. HP: 33/43 MP: 7/7
  4062 | D:5      | XOM: summons 6 friendly demons
  4326 | D:5      | XOM: summons 6 friendly demons
  4477 | D:5      | HP: 1/44 [shadow imp/nerve-wracking pain (13)]
  4552 | D:5      | XOM: give mutations
  4552 | D:5      | Gained mutation: You are partially covered in large bone plates. (SH +4) [Xom's grace]
  4552 | D:5      | Gained mutation: Your mind is acute. (Int +2) [Xom's grace]
  4552 | D:5      | Gained mutation: Your flesh is heat resistant. (rF+) [Xom's grace]
  4552 | D:5      | Gained mutation: You possess an exceptional clarity of mind. [Xom's grace]
  4785 | D:5      | Found Rubuv's Assorted Antiques.
  4794 | D:5      | Bought a scroll labeled YCSIFFELEVAE for 22 gold pieces
  4795 | D:5      | Bought a scroll of teleportation for 66 gold pieces
  4795 | D:5      | Bought a sedimented dark potion for 19 gold pieces
  4795 | D:5      | Bought a pair of boots for 99 gold pieces
  4991 | D:5      | Found a snail-covered altar of Cheibriados.
  5031 | D:5      | XOM: summons friendly quasit
  5033 | D:5      | XOM: 1-stop teleportation journey
  5176 | D:5      | XOM: scenery: create altars
  5259 | D:5      | XOM: summons friendly quasit
  5431 | D:6      | XOM: noise
  5431 | D:6      | Noticed an orc warrior
  5435 | D:6      | XOM: 1-stop teleportation journey
  5464 | D:6      | Noticed a troll
  5478 | D:6      | XOM: cast spell 'Summon Horrible Things'
  5553 | D:6      | Reached XP level 7. HP: 17/49 MP: 8/8
  5554 | D:6      | XOM: summons friendly iron imp
  5565 | D:6      | Reached skill level 5 in Fighting
  5784 | D:6      | Noticed Blork the orc
  5831 | D:6      | XOM: mild Pois miscast
  6021 | D:6      | Reached skill level 6 in Long Blades
  6223 | D:7      | Found Fiwkeirph's Magic Scroll Shoppe.
  6294 | D:7      | XOM: summons 7 friendly demons
  6312 | D:7      | Reached skill level 5 in Dodging
  6323 | D:7      | XOM: confuse monster(s)
  6389 | D:7      | Found Voaneisk's Book Emporium.
  6401 | D:7      | XOM: divination: detect items
  6408 | D:7      | Found Qoawig's Weapon Emporium.
  6444 | D:6      | Slain by an orc priest

Skill      XL: |  1  2  3  4  5  6  7 |
---------------+----------------------+-----
Armour         | 1 2 3 |  3.7
Long Blades    | 4 5 6 |  6.1
Dodging        | 3 4 5 |  5.0
Fighting       | 4 5 |  5.3

Action                   |  1- 3 |  4- 6 |  7- 9 || total
-------------------------+-------+-------+-------++-------
Melee: Dagger            |   188 |   473 |   146 ||   807
       Kick              |       |    78 |       ||    78
Throw: Throwing net      |       |     1 |       ||     1
  Use: Scroll            |     5 |     4 |     2 ||    11
       Potion            |       |    10 |     5 ||    15
 Stab: Sleeping          |     1 |     1 |       ||     2
       Invisible         |       |     1 |     4 ||     5
  Eat: Chunk             |     3 |     7 |     4 ||    14
       Bread ration      |       |     1 |       ||     1
Armor: Leather armour    |    31 |   114 |    27 ||   172
       Skin              |       |     7 |       ||     7
Dodge: Dodged            |   111 |   267 |   100 ||   478
Block: Other             |       |    16 |    27 ||    43
